 Dungeon Crawl Stone Soup version 0.30-a0-586-g23e55c9e0a (webtiles) character file.

Game seed: 11726198530208984031

646 Citaku the Covered (level 7, 0/55 HPs)
             Began as a Human Fighter on Jan 3, 2023.
             Succumbed to a hornet's poison
             ... on level 7 of the Dungeon.
             The game lasted 00:09:53 (3945 turns).

Citaku the Covered (Human Fighter)                  Turns: 3945, Time: 00:09:53

Health: 0/55       AC: 14    Str: 16      XL:     7   Next: 82%
Magic:  7/7        EV:  6    Int:  7 (9)  God:
Gold:   122        SH:  5    Dex: 16 (18) Spells: 6/6 levels left

rFire   . . .      SeeInvis .    a - +0 war axe
rCold   . . .      Faith    +    c - +0 buckler
rNeg    . . .      Spirit   .    r - +7 chain mail "Zifyit" {Dex+4}
rPois   .          Reflect  .    (helmet restricted)
rElec   .          Harm     .    (no cloak)
rCorr   .          Rampage  .    (no gloves)
Will    .....                    n - +0 pair of boots Stlth
                                 f - amulet of faith
HPRegen 0.29/turn                (no ring)
MPRegen 0.10/turn                (no ring)

@: lethally poisoned (0 -> -10), corroded, slowed, very slow
A: horns 1
a: no special abilities


You were on level 7 of the Dungeon.
You visited 1 branch of the dungeon, and saw 6 of its levels.

You collected 234 gold pieces.
You spent 112 gold pieces at shops.

Inventory:

Hand Weapons
 a - a +0 war axe (weapon)
Armour
 c - a +0 buckler (worn)
 n - a +0 pair of boots (worn)
 r - the +7 chain mail "Zifyit" (worn) {Dex+4}
   (You found it on level 3 of the Dungeon)

   Dex:       It affects your dexterity (+4).
Jewellery
 d - a ring of magical power
 f - an amulet of faith (around neck)
Scrolls
 b - a scroll of enchant armour
 g - a scroll of identify
 h - a scroll of summoning
 i - a scroll of fear
 j - 3 scrolls of teleportation
 k - a scroll of amnesia
 l - 2 scrolls of magic mapping
 o - a scroll of enchant weapon {unknown}
 p - 3 scrolls of blinking
 q - a scroll of fog
 s - a scroll of poison {unknown}
Potions
 m - a potion of invisibility
 t - a potion of degeneration


   Skills:
 + Level 4.7 Fighting
 * Level 5.1 Axes
 * Level 5.5 Armour
 - Level 3.7 Shields


You had 6 spell levels left.
You didn't know any spells.
Your spell library contained the following spells:

 Spells                   Type           Power      Damage    Failure   Level
 Scorch                   Fire           0%         2d5       100%        2
 Ignite Poison            Fire/Tmut/Pois 0%         N/A       100%        3
 Spider Form              Tmut/Pois      0%         N/A       100%        3
 Animate Armour           Summ/Erth      0%         N/A       100%        4
 Flame Wave               Conj/Fire      0%         2d4       100%        4
 Ice Form                 Ice/Tmut       0%         N/A       100%        4
 Olgreb's Toxic Radiance  Pois           0%         N/A       100%        4
 Sticky Flame             Conj/Fire      0%         2d3       100%        4
 Statue Form              Tmut/Erth      0%         N/A       100%        6
 Summon Cactus Giant      Summ           0%         N/A       100%        6
 Ozocubu's Refrigeration  Ice            0%         4d7       100%        7
 Ignition                 Fire           0%         3d3       100%        8


Dungeon Overview and Level Annotations

Branches:
Dungeon (5/15)
 Temple: D:4-7

Altars:
Kikubaaqudgha
Ru
Yredelemnul

Shops:
D:3 !   D:5 !

Annotations:
D:7 Joseph


Innate Abilities, Weirdness & Mutations

You have a pair of small horns on your head.


Message History

The bolt of acid misses you.
You hit the hornet.
The hornet is severely wounded.
You feel sick. You block the hornet's attack. x2
You miss the hornet.
The hornet is severely wounded.
You feel sick. The hornet barely misses you.
You hear a whirring sound.
A sling bullet appears from out of thin air!
The sling bullet hits you. The hornet stings you!
* * * LOW HITPOINT WARNING * * *
You are lethally poisoned!
You feel yourself slow down.
You feel better. The scorpion stings you.
You are poisoned.
The scorpion poisons you! You block the hornet's attack.
You hear a whirring sound.
A sling bullet appears from out of thin air!
The sling bullet hits you!
* * * LOW HITPOINT WARNING * * *
The scorpion stings you but does no damage.
The hornet stings you but does no damage.
You hear a zap.
A bolt of acid appears from out of thin air!
The bolt of acid hits you.
* * * LOW HITPOINT WARNING * * *
The acid corrodes you!
You feel better.
You feel yourself speed up.
The hornet stings you but does no damage.
You block the scorpion's attack. The hornet stings you.
* * * LOW HITPOINT WARNING * * *
You are lethally poisoned!
You feel yourself slow down.
You hear a whirring sound.
A sling bullet appears from out of thin air!
The sling bullet hits you.
* * * LOW HITPOINT WARNING * * *
The scorpion stings you but does no damage.
You die...

##..#.#......
#.......##
##.###....#
##...........!
##.......#...#.
##.......####.#
#........# ..
#........# .
#..>@s...#
#....y...#
#..)......#
#............
#.....###.{...
##>.... .....
#...... ....
##..... ....
..<.### #.#


You could see a hornet and a scorpion.

Vanquished Creatures
  A human (D:3)
  A scorpion (D:4)
  A howler monkey (D:3)
  2 hounds (D:5)
  A jelly (D:4)
  A human zombie (D:3)
  A human skeleton (D:3)
  Natasha (D:2)
  8 adders
  3 gnolls (D:5)
  A worm (D:4)
  A dart slug (D:3)
  7 orcs
  6 bats
  4 endoplasms
  3 giant cockroaches
  7 goblins
  4 hobgoblins
  4 jackals (D:2)
  6 kobolds
  5 quokkas
  3 ball pythons
  A frilled lizard (D:2)
  A kobold zombie (D:3)
  5 rats
78 creatures vanquished.

Vanquished Creatures (collateral kills)
  A gnoll bouda (D:5)
  An orc wizard (D:5)
  3 orcs (D:5)
5 creatures vanquished.

Grand Total: 83 creatures vanquished

Notes
Turn   | Place    | Note
-------+----------+-------------------------------------------
     0 | D:1      | Citaku the Human Fighter began the quest for the Orb.
     0 | D:1      | Reached XP level 1. HP: 18/18 MP: 1/1
   191 | D:1      | Reached XP level 2. HP: 21/24 MP: 2/2
   525 | D:1      | Found a faded altar of an unknown god.
   688 | D:2      | Reached XP level 3. HP: 29/29 MP: 3/3
   965 | D:2      | Noticed Natasha
   973 | D:2      | Killed Natasha
   974 | D:2      | Reached XP level 4. HP: 26/35 MP: 4/4
  1440 | D:3      | Found an ancient bone altar of Kikubaaqudgha.
  1658 | D:3      | Found a sacrificial altar of Ru.
  1699 | D:3      | Reached XP level 5. HP: 42/42 MP: 5/5
  1729 | D:3      | Found a runed translucent door.
  1729 | D:3      | Noticed a human
  1768 | D:3      | Reached XP level 6. HP: 17/48 MP: 6/6
  1811 | D:3      | Found a basalt altar of Yredelemnul.
  1932 | D:3      | Killed a human
  1963 | D:3      | Found Tydaah's Distillery.
  2027 | D:3      | Reached XP level 7. HP: 49/54 MP: 7/7
  2075 | D:3      | Identified the +7 chain mail "Zifyit" {Dex+4}
  2622 | D:4      | Got Roxanne's Encyclopedia of Detritus and the Figure
  3331 | D:4      | Gained mutation: You are occasionally teleported next to
                  | monsters. [potion of mutation]
  3486 | D:4      | Reached skill level 5 in Armour
  3588 | D:5      | Entered Level 5 of the Dungeon
  3795 | D:5      | Found Bokkug's Distillery.
  3803 | D:5      | Bought a potion of mutation for 112 gold pieces
  3803 | D:5      | Lost mutation: You are occasionally teleported next to
                  | monsters. [potion of mutation]
  3803 | D:5      | Gained mutation: You have a pair of small horns on your
                  | head. [potion of mutation]
  3853 | D:5      | Reached skill level 5 in Axes
  3920 | D:5      | You fall into a shaft and drop 2 floors!
  3934 | D:7      | Noticed a hornet
  3936 | D:7      | Noticed Joseph
  3943 | D:7      | HP: 2/55 [something/bolt of acid (4)]
  3945 | D:7      | Succumbed to a hornet's poison

Illustrated notes

Levels and vault maps discovered:
D:1:      erik_arrival_blinker_ship, layout_basic,
          ebering_ecumenical_altar_abandoned
D:2:      layout_basic, uniq_natasha
D:3:      layout_basic, dk_yredelemnul_ordeal, nicolae_ru_sacrificial_ziggurat,
          mainiacjoe_overflow_concentric_impassable, serial_shops, shop
D:4:      layout_basic
D:5:      layout_loops_cross, serial_shops, shop,
          chequers_serial_rivers_small_b, grunt_decor_junction,
          minmay_hollow_rounded_squares, uniq_prince_ribbit1
D:7:      layout_cave_pools, general_overflow_altar, temple_doors_e,
          minmay_increasing_density, uniq_joseph

Skill      XL: |  1  2  3  4  5  6  7 |
---------------+----------------------+-----
Axes           | 3 4 5 |  5.1
Armour         | 4 5 |  5.5
Fighting       | 4 |  4.7
Shields        | |  3.7

Action                   |  1- 3 |  4- 6 |  7- 9 || total
-------------------------+-------+-------+-------++-------
Melee: War axe           |    83 |    88 |    88 ||   259
       Headbutt          |       |       |     4 ||     4
  Use: Scroll            |       |       |    12 ||    12
       Potion            |       |       |    11 ||    11
Armor: Scale mail        |    67 |    51 |       ||   118
       Chain mail        |       |       |   102 ||   102
Dodge: Dodged            |    60 |    33 |    49 ||   142
Block: Buckler           |    33 |    27 |    39 ||    99

Table legend: (Time is in decaauts)
 A = Elapsed time spent in this place.
 B = Non-inter-level travel time spent in this place.
 C = Inter-level travel time spent in this place.
 D = Time resting spent in this place.
 E = Time spent auto-exploring this place.
 F = Levels seen in this place.
 G = Mean time per level.
                   A        B        C        D        E       F      G
               +--------+--------+--------+--------+--------+-----+--------+
         Total |   4024 |   4024 |      0 |    256 |   2550 |   6 |  670.7 |
       Dungeon |   4024 |   4024 |      0 |    256 |   2550 |   6 |  670.7 |
               +--------+--------+--------+--------+--------+-----+--------+

Top non-repeatable levels by time:
     D:4: 1142 daAuts
     D:3: 1089 daAuts
     D:2: 735 daAuts
     D:1: 686 daAuts
     D:5: 341 daAuts
     D:7: 28 daAuts
